 Dungeon Crawl Stone Soup version 0.32-a0-799-g95e1662365 (webtiles) character file.

Game seed: 18381920875563060436

61 Griffin23 the Covered (level 3, -2/33 HPs)
             Began as a Minotaur Fighter on Mar 21, 2024.
             Was a Believer of Fedhas.
             Succumbed to Robin's poison
             ... on level 2 of the Dungeon.
             The game lasted 00:02:01 (985 turns).

Griffin23 the Covered (Minotaur Fighter)             Turns: 985, Time: 00:02:01

Health: -2/33      AC:  7    Str: 22    XL:     3   Next: 83%
Magic:  2/2        EV:  8    Int:  5    God:    Fedhas [**....]
Gold:   134        SH:  4    Dex:  9    Spells: 2/2 levels left

rFire   + . .        a - +0 long sword
rCold   x . .        c - +0 buckler
rNeg    . . .        b - +0 scale mail
rPois   .            (helmet restricted)
rElec   .            (no cloak)
rCorr   .            (no gloves)
SInv    .            (no boots)
Will    .....        (no amulet) Stlth
                     i - ring of fire
HPRegen 0.25/turn    (no ring)
MPRegen 0.08/turn

%: no passive effects
@: brilliant, lethally poisoned (-2 -> -20)
A: horns 2, retaliatory headbutt
a: Renounce Religion, Wall of Briars


You were on level 2 of the Dungeon.
You worshipped Fedhas.
Fedhas was pleased with you.
You visited 1 branch of the dungeon, and saw 2 of its levels.

You collected 134 gold pieces.

Inventory:

Hand Weapons
 a - a +0 long sword (weapon)
Armour
 b - a +0 scale mail (worn)
 c - a +0 buckler (worn)
Jewellery
 i - a ring of fire (left hand)
Scrolls
 e - a scroll of fog {unknown}
 f - 4 scrolls of identify {unknown}
 g - 2 scrolls of blinking {unknown}
 h - a scroll of noise {unknown}
 k - a scroll of summoning {unknown}
Potions
 d - 2 potions of might
 l - a potion of attraction {unknown}
 m - a potion of cancellation


   Skills:
 + Level 4.2 Fighting
 + Level 3.3 Long Blades
 + Level 4.2 Armour
 + Level 4.2 Shields


You had 2 spell levels left.
You didn't know any spells.
Your spell library was empty.

Dungeon Overview and Level Annotations

Branches:
Dungeon (2/15)

Altars:
Fedhas

Annotations:
D:2 1 runed translucent door, Crazy Yiuf, Robin


Innate Abilities, Weirdness & Mutations

You have a pair of horns on your head.
You reflexively headbutt those who attack you in melee.


Message History

Robin barely misses you.
There are monsters nearby!
You barely miss Robin.
Robin is moderately wounded.
You feel very sick.
Robin says, "Feeling lonely?"
Robin roars a battlecry!
The goblin goes into a battle-frenzy!
You block the goblin's attack.
You slash Robin!
Robin is severely wounded.
You feel very sick. Robin hits you but does no damage.
You are more poisoned.
The goblin closely misses you. You furiously retaliate!
You headbutt the goblin.
Okay, then.
It was a potion of cancellation.
You feel magically purged.
You feel very sick. The goblin hits you with a +0 club.
Robin throws the goblin at you!
You hit Robin but do no damage.
Robin is severely wounded.
You feel very sick. The goblin barely misses you.
Robin hits you with a +0 dagger of venom.
You are lethally poisoned!
Robin hits you with a +0 dagger of venom.
You are more poisoned.
The goblin hits you but does no damage.
You barely miss Robin. Your headbutt misses Robin.
Robin is severely wounded.
* * * LOW HITPOINT WARNING * * *
You feel extremely sick.
Robin roars a battlecry!
A hobgoblin comes into view.
The goblin hits you but does no damage.
It was a potion of brilliance.
You feel clever all of a sudden.
You die...
Fedhas appreciates your contribution to the ecosystem.

........# #. #.
#..#.# #...# ####
#######.# # #.
#g.#.# #...# # .# #.
#..#.# ##.## #
###...##.##. #..#.#
#.# # #...........
... #.#
####........#.# ..#
#.#
............#.###..#
#.#
...........##.##g..#
#.#######
...........##.##@#
#.##........
####........#.##g#
#.##########
#..........##.# #.#
#.......##.##.# #.#
#.......###.#.# #.#
#.....### #.#.# #.#
#######.## ##.#.#
#.#
.....>..†###....#
#.####
#########...#####
#.<..#


You could see Robin, a hobgoblin (strong) and a goblin (strong).

Vanquished Creatures
  An adder (D:2)
  2 dart slugs (D:2)
  8 bats
  3 endoplasms
  A giant cockroach (D:2)
  15 goblins
  3 hobgoblins
  3 kobolds
  A quokka (D:1)
  2 ball pythons (D:2)
  A frilled lizard (D:2)
  4 rats (D:1)
44 creatures vanquished.

Notes
Turn   | Place    | Note
-------+----------+-------------------------------------------
     0 | D:1      | Griffin23 the Minotaur Fighter began the quest for the Orb.
     0 | D:1      | Reached XP level 1. HP: 19/19 MP: 0/0
    70 | D:1      | Found a faded altar of an unknown god.
    84 | D:1      | Prayed at the altar of an unknown god.
    84 | D:1      | Became a worshipper of Fedhas Madash
    84 | D:1      | Reached * piety under Fedhas
   134 | D:1      | Reached XP level 2. HP: 27/27 MP: 1/1
   708 | D:2      | Found a runed translucent door.
   709 | D:2      | Noticed Crazy Yiuf
   758 | D:2      | Reached ** piety under Fedhas
   764 | D:2      | Reached XP level 3. HP: 32/33 MP: 2/2
   975 | D:2      | Noticed Robin
   985 | D:2      | Succumbed to Robin's poison

Illustrated notes

Levels and vault maps discovered:
D:1:      dpeg_arrival_water_temple_mockup, layout_rooms,
          shapermc_ecumenical_altar_gd
D:2:      layout_loops_ring, uniq_robin, uniq_crazy_yiuf_cottage

Skill      XL: |  1  2 |
---------------+-------+-----
Shields        | 4 |  4.2
Fighting       | 4 |  4.2
Armour         | 4 |  4.2
Long Blades    | 3 |  3.3

Action                     || total
---------------------------++-------
  Melee: Long sword        ||    92
         Headbutt          ||    11
    Use: Potion            ||     2
 Armour: Scale mail        ||    64
  Dodge: Dodged            ||    40
  Block: Buckler           ||    20

Table legend: (Time is in decaauts)
 A = Elapsed time spent in this place.
 B = Non-inter-level travel time spent in this place.
 C = Inter-level travel time spent in this place.
 D = Time resting spent in this place.
 E = Time spent auto-exploring this place.
 F = Levels seen in this place.
 G = Mean time per level.
                   A        B        C        D        E       F      G
               +--------+--------+--------+--------+--------+-----+--------+
         Total |   1018 |    974 |     44 |      0 |    723 |   2 |  509.0 |
       Dungeon |   1018 |    974 |     44 |      0 |    723 |   2 |  509.0 |
               +--------+--------+--------+--------+--------+-----+--------+

Top non-repeatable levels by time:
     D:1: 596 daAuts
     D:2: 422 daAuts
